 Dungeon Crawl Stone Soup version 0.22-b1-26-g9dbaab1 (webtiles) character file.

96 Lew the Skirmisher (level 4, -1/29 HPs)
             Began as a Gargoyle Fighter on Aug 7, 2018.
             Slain by a worm (7 damage)
             ... on level 3 of the Dungeon.
             The game lasted 00:08:06 (1571 turns).

Lew the Skirmisher (Gargoyle Fighter)               Turns: 1571, Time: 00:08:07

Health: -1/29      AC: 12    Str: 26    XL:     4   Next: 67%
Magic:  4/4        EV:  6    Int:  8    God:
Gold:   113        SH: 11    Dex:  9    Spells: 3/3 levels left

rFire    . . .     SeeInvis .   a - +0 war axe
rCold    . . .     Gourm    .   c - +2 shield
rNeg     + . .     Faith    .   b - +0 chain mail
rPois    ∞         Spirit   .   (helmet restricted)
rElec    +         Reflect  .   (no cloak)
rCorr    .         Harm     .   (no gloves)
MR       .....                  (no boots)
Stlth    ..........             (no amulet)
HPRegen  0.09/turn              (no ring)
MPRegen  0.09/turn              (no ring)

@: mighty, about to teleport
A: horns 1, high mp 1, negative energy resistance 1, electricity resistance,
unbreathing, petrification resistance, rot immunity, MP-powered wands, AC +3
a: no special abilities


You were on level 3 of the Dungeon.
You were not hungry.

You visited 1 branch of the dungeon, and saw 3 of its levels.

You collected 113 gold pieces.

Inventory:

Hand Weapons
 a - a +0 war axe (weapon)
Armour
 b - a +0 chain mail (worn)
 c - a +2 shield (worn)
Wands
 k - a wand of clouds (3)
Scrolls
 i - a scroll of amnesia
 n - a scroll of blinking {unknown}
 o - a scroll of identify
 p - a scroll of random uselessness {unknown}
Potions
 d - a potion of might
Comestibles
 f - 4 rations


   Skills:
 * Level 4.1 Fighting
 * Level 2.2 Axes
 + Level 3.5 Armour
 * Level 1.2 Dodging
 * Level 2.0 Stealth
 + Level 3.6 Shields


You had 3 spell levels left.
You didn't know any spells.
Your spell library was empty.

Dungeon Overview and Level Annotations

Branches:
Dungeon (3/15)

Altars:
Trog


Innate Abilities, Weirdness & Mutations

You are resistant to torment.
Your stone body is resilient. (AC +3)
You are immune to poison.
You resist negative energy. (rN+)
You are resistant to electric shocks. (rElec)
You can survive without breathing.
You are immune to petrification.
You are immune to rotting.
You have a pair of small horns on your head.
You have an increased reservoir of magic. (+10% MP)
You expend magic power (3 MP) to strengthen your wands.


Message History

You feel better. The worm bites you but does no damage.
You feel very mighty all of a sudden. You block the worm's attack.
It was a potion of mutation.
You feel extremely strange. A pair of horns grows on your head!
You feel your magical essence link to your wands.
You feel more energetic. The worm bites you but does no damage.
As you read the scroll labeled RENEJO SORAI, it crumbles to dust.
You assume a fearsome visage.
The moth of wrath resists with some effort.
It was a scroll of fear.
The worm bites you.
* * * LOW HITPOINT WARNING * * *
As you read the scroll labeled TOKEF RAGYOTON, it crumbles to dust.
You feel aware of your surroundings.
It was a scroll of magic mapping.
You block the worm's attack.
As you read the scroll labeled VUKOMUUCRO, it crumbles to dust.
You feel strangely unstable.
It was a scroll of teleportation.
The worm bites you!
You die...

.........##.##..##.......,,,,**,*
.........##....(##.....<,,,,,,,,*
........##.........######*,,,,,**
.)......#..#......##....###,,,,*
........#.##...####.......##,,,*
..##......###### #.........#*,,*
#......#### #....#....##,,**
..###..# #####...###....#,,,, .##
##.## #..@ww..#y#._.)#***, ##
#..# ##..##...###....#***, # #..#
#)>.##....#....#*,,,* ## #..##
##..###...††..))#***,* .##
#...###.<.# ##......)##***,* ..#
#........## ##....###,,,,,, ..#
##...##### ######***,,,,, ..#
#..### *,,*,,,,,,**,, .## ##..#
*,,*,*********


You could see a moth of wrath and 2 worms.

Vanquished Creatures
  3 adders
  A worm (D:2)
  A dart slug (D:1)
  A leopard gecko (D:3)
  2 orcs (D:3)
  A giant cockroach (D:1)
  3 goblins (D:1)
  8 hobgoblins
  A quokka (D:3)
  A ball python (D:2)
  16 bats
  7 frilled lizards
  7 kobolds
  10 rats
62 creatures vanquished.

Notes
Turn   | Place    | Note
-------+----------+-------------------------------------------
     0 | D:1      | Lew the Gargoyle Fighter began the quest for the Orb.
     0 | D:1      | Reached XP level 1. HP: 14/14 MP: 1/1
   179 | D:1      | Reached XP level 2. HP: 15/19 MP: 2/2
   266 | D:1      | Reached skill level 1 in Stealth
   433 | D:1      | Reached XP level 3. HP: 23/23 MP: 3/3
   875 | D:2      | Reached skill level 1 in Dodging
  1162 | D:2      | Noticed a phantom
  1193 | D:3      | Reached XP level 4. HP: 29/29 MP: 4/4
  1373 | D:3      | Reached skill level 4 in Fighting
  1545 | D:3      | Noticed a moth of wrath
  1548 | D:3      | Found a bloodstained altar of Trog.
  1565 | D:3      | HP: 1/29 [worm (13)]
  1568 | D:3      | Gained mutation: You have a pair of small horns on your head. [potion of mutation]
  1568 | D:3      | Gained mutation: You expend magic power (3 MP) to strengthen your wands. [potion of mutation]
  1568 | D:3      | Gained mutation: You have an increased reservoir of magic. (+10% MP) [potion of mutation]
  1571 | D:3      | Slain by a worm

Skill      XL: |  1  2  3  4 |
---------------+-------------+-----
Axes           | 2 |  2.2
Stealth        | 1 2 |  2.0
Dodging        | 1 |  1.2
Fighting       | 4 |  4.1
Armour         | |  3.5
Shields        | |  3.6

Action                   |  1- 3 |  4- 6 || total
-------------------------+-------+-------++-------
Melee: War axe           |   122 |    54 ||   176
Evoke: Wand              |       |     1 ||     1
  Use: Scroll            |     5 |     3 ||     8
       Potion            |     2 |     4 ||     6
  Eat: Chunk             |       |     3 ||     3
Armor: Scale mail        |    70 |       ||    70
       Chain mail        |    13 |    49 ||    62
Dodge: Dodged            |    45 |    11 ||    56
Block: Shield            |    76 |    31 ||   107
